 Dungeon Crawl Stone Soup version 0.31-a0-1082-g7d1fb776a8 (webtiles) character file.

Game seed: 16980140295791618560

2141 Flugslaktarn the Mimic (level 9, 0/70 HPs)
             Began as an Octopode Shapeshifter on Nov 28, 2023.
             Was a Follower of Ashenzari.
             Killed from afar by a ynoxinul (16 damage)
             ... with an iron shot
             ... on level 10 of the Dungeon.
             The game lasted 00:04:53 (6112 turns).

Flugslaktarn the Mimic (Octopode Shapeshifter)      Turns: 6112, Time: 00:04:53

Health: 0/70       AC:  8    Str: 19    XL:     9   Next: 30%
Magic:  9/9        EV: 13    Int: 18    God:    Ashenzari [*.....]
Gold:   129        SH:  0    Dex: 27    Spells: 8/8 levels left

rFire   . .          .
                       - Unarmed
rCold   + + +        (shield currently unavailable)
rNeg    . . .        (helmet currently unavailable)
rPois   .            (no amulet)
rElec   .            f - ring of the Enigmatic Mistrust {rF+, Cun, Dev} (curse)
rCorr   +            r - ring "Seer of Ashenzari" {Int+6, Elem, Dev} (curse)
SInv    .            t - ring "Jifiluss" {rC++ rCorr Dex+6}
Will    .....        k - ring of resist corrosion
Stlth   ++           y - +6 ring of dexterity
HPRegen 0.31/turn    C - ring of ice
MPRegen 0.11/turn    (no ring)
                     (no ring)

%: no passive effects
@: snake-form
A: constrict, boosted hp, almost no armour, amphibious, 8 rings, large,
(camouflage 1), (gelatinous body 1), (nimble swimmer 1), (tentacles)
a: Begin Untransformation, Renounce Religion, Curse Item, Shatter the Chains


You were on level 10 of the Dungeon.
You worshipped Ashenzari.
Ashenzari was aware of your devotion.
You were an enormous anaconda.
You visited 1 branch of the dungeon, and saw 9 of its levels.

You collected 326 gold pieces.
You spent 197 gold pieces at shops.

Inventory:

Jewellery
 f - the cursed ring of the Enigmatic Mistrust (left tentacle) {rF+, Cun, Dev}
   (You found it on level 1 of the Dungeon)

   [ring of protection from fire]

   rF+:       It protects you from fire.
   It has a curse which improves the following skills: Cunning: Dodging and
   Stealth.
   Devices:   Evocations and Shapeshifting.
 k - a ring of resist corrosion (on tentacle)
   (You took it off a gnoll on level 5 of the Dungeon)
 r - the cursed ring "Seer of Ashenzari" (right tentacle) {Int+6, Elem, Dev}
   (You found it on level 5 of the Dungeon)

   [ring of intelligence]

   Int+6:     It affects your intelligence (+6).
   It has a curse which improves the following skills: Elements: Fire Magic, Ice
   Magic, Air Magic and Earth Magic.
   Devices:   Evocations and Shapeshifting.
 t - the ring "Jifiluss" (on tentacle) {rC++ rCorr Dex+6}
   (You acquired it on level 5 of the Dungeon)

   [ring of dexterity]

   Dex+6:     It affects your dexterity (+6).
   rC++:      It greatly protects you from cold.
   rCorr:     It protects you from acid and corrosion.
 y - a +6 ring of dexterity (on tentacle)
   (You found it on level 6 of the Dungeon)
 C - a ring of ice (on tentacle)
   (You bought it in a shop on level 6 of the Dungeon)
 E - a ring of flight
   (You found it on level 10 of the Dungeon)
Talismans
 b - a beast talisman
 c - a flux talisman
 p - a maw talisman
   (You found it on level 4 of the Dungeon)
 A - a serpent talisman (active)
   (You found it on level 6 of the Dungeon)
Wands
 g - a wand of digging (4)
   (You found it on level 6 of the Dungeon)
 s - a wand of mindburst (16)
   (You found it on level 5 of the Dungeon)
 D - a wand of roots (14)
   (You found it on level 6 of the Dungeon)
Scrolls
 a - 3 scrolls of enchant weapon
 l - a scroll of fear
 m - 3 scrolls of enchant armour
 u - a scroll of fog
 v - a scroll of vulnerability
 B - a scroll of revelation
Potions
 d - a potion of might
 e - 5 potions of mutation
 h - 2 potions of haste
 i - 2 potions of attraction
 j - 2 potions of enlightenment
 n - 2 potions of resistance
 o - a potion of brilliance
 q - 2 potions of curing
 w - a potion of heal wounds
 x - 2 potions of cancellation
 z - 2 potions of berserk rage


   Skills:
 - Level 4.9 Fighting
 + Level 3.9(4.6) Dodging
 - Level 5.8 Unarmed Combat
 - Level 2.6(3.6) Evocations
 * Level 8.5(9.7) Shapeshifting


You had 8 spell levels left.
You didn't know any spells.
Your spell library was empty.

Dungeon Overview and Level Annotations

Branches:
Dungeon (10/15)
 Temple: D:4-7         Lair: D:8-11         Orc: D:9-12

Altars:
Ashenzari
Elyvilon
Fedhas
Hepliaklqana
Kikubaaqudgha
Makhleb
Nemelex Xobeh
Qazlal
Sif Muna
Trog
Wu Jian
Xom

Shops:
D:3 (   D:5 *   D:6 =(*!


Innate Abilities, Weirdness & Mutations

You are an enormous anaconda.
You have a powerful constriction melee attack.
Your maximum health is increased.
Your armour is entirely melded.
You are incapable of wielding weapons or throwing items.
You cannot wear most types of armour.
You are amphibious.
You can wear up to eight rings at the same time.
((Your skin changes colour to match your surroundings (Stealth+).))
((Your rubbery body absorbs attacks. (AC +1, EV +1)))
((You are camouflaged when in or above water. (Stealth+)))
((You have tentacles for arms and can constrict up to eight enemies at once.))


Message History

You constrict the hound. The hound barely misses you.
You lash the hound!
You kill the hound!
No target in view!
Found a scroll of poison.
No target in view!
An orc comes into view. It is wielding a +0 hand axe.
An orc is nearby!
Unknown command.
An orc wizard comes into view. It is wielding a +0 dagger.
An orc priest comes into view. It is wielding a +0 whip of venom.
A malevolent force fills the Dungeon...
You fall into a shaft and drop 3 floors!
The shaft crumbles and collapses.
Unknown command.
Found a +0 leather armour.
You see here a +0 leather armour.
Ashenzari invites you to partake of a vision and a curse of fortitude and alchemy.
Okay, then.
A shadow comes into view.
The shadow slips into darkness.
The shadow flickers and vanishes!
Deactivating autopickup; reactivate with Ctrl-A.
There is a strange disturbance nearby!
There is a strange disturbance nearby!
Unknown command.
There is a strange disturbance nearby!
There is a strange disturbance nearby!
No target in view!
You hit something but do no damage.
The shadow strikes at you from the darkness!
Reactivating autopickup.
You lash the shadow!
The shadow is heavily damaged.
The shadow barely misses you.
You hit the shadow but do no damage.
The shadow is heavily damaged.
The shadow hits you!
You lash the shadow!
You destroy the shadow!
You start resting.
HP restored.
Found a book of Misfortune.
You see here a book of Misfortune.
E - a ring of flight
Found a stone staircase leading up.
Unknown command.
Found a stone staircase leading down.
There is a stone staircase leading up here.
You climb upwards.
The ufetubus shouts! x4; The ynoxinul bellows!
You hear a shout!
The ufetubus shouts! x2; The ynoxinul bellows!
The killer bee buzzes angrily.
You hear an angry buzzing noise. x2
Found 86 gold pieces and 6 javelins.
Found two escape hatches in the floor.
There is a stone staircase leading down here.
Unknown command.
The ufetubus shouts!
An ufetubus comes into view.
You lash the ynoxinul! You grab the ynoxinul.
The ynoxinul is moderately wounded.
You constrict the ynoxinul.
The killer bee buzzes angrily.
You lash the ynoxinul!
The ynoxinul is severely wounded.
You constrict the ynoxinul, but do no damage.
The ufetubus hits you but does no damage.
The ufetubus closely misses you.
The ufetubus hits you but does no damage.
The ufetubus misses you.
The ufetubus hits you but does no damage.
The ufetubus barely misses you. The ynoxinul gestures at you.
The iron shot hits you!! The ynoxinul gestures at you. The iron shot hits you!
The ufetubus closely misses you. x2
The ufetubus hits you. The ufetubus misses you.
The ufetubus hits you but does no damage.
The ufetubus barely misses you.
You release your grip on the ynoxinul.
The ynoxinul closely misses you. The ynoxinul barely misses you.
The ufetubus hits you. The ufetubus barely misses you.
The ufetubus hits you but does no damage.
The ufetubus barely misses you. The ufetubus hits you.
* * * LOW HITPOINT WARNING * * *
The ufetubus hits you but does no damage.
You climb downwards.
There is a stone staircase leading up here.
Unknown command.
You closely miss the ynoxinul. You grab the ynoxinul.
The ynoxinul is severely wounded.
You constrict the ynoxinul. The ufetubus closely misses you.
The ufetubus barely misses you. The ufetubus hits you.
* * * LOW HITPOINT WARNING * * *
The ufetubus barely misses you. The ufetubus closely misses you.
The ufetubus hits you but does no damage.
The ynoxinul hits you.
* * * LOW HITPOINT WARNING * * *
The ynoxinul gestures at you. The iron shot hits you!
You die...

.>........ #.##.#.##...
....$....####.#....####.
...........##.#.##......
.........#.#....####.###
.........#.#.##.#.......
.........#...##.........
.........###.#..#.#.####
......55.# #........#
......3S3# #.#.###..#
........5# ##### ##.#
.........# #.#
.........# #######.#
.......... ........#
........... ........#
........... ........#
....................#
........#


You could see 2 ynoxinuls and 3 ufetubi.

Vanquished Creatures
  Pikel (D:7)
  A shadow (D:10)
  An acid dragon (D:5)
  A water moccasin (D:6)
  3 black bears
  An ogre (D:6)
  A lemure (D:7)
  A kobold brigand (D:6)
  3 scorpions
  2 howler monkeys
  An orc priest (D:3)
  3 hounds
  2 sleepcaps (D:5)
  A gnoll bouda (D:5)
  An orc wizard (D:3)
  6 iguanas
  12 gnolls (D:5)
  7 adders
  A white imp (D:5)
  2 ufetubi (D:6)
  2 worms (D:2)
  2 dart slugs
  7 orcs
  7 ball pythons
  8 bats
  5 endoplasms
  5 giant cockroaches (D:1)
  12 goblins
  7 hobgoblins
  16 kobolds
  4 quokkas
  4 frilled lizards
  3 rats
133 creatures vanquished.

Notes
Turn   | Place    | Note
-------+----------+-------------------------------------------
     0 | D:1      | Flugslaktarn the Octopode Shapeshifter began the quest for
                  | the Orb.
     0 | D:1      | Reached XP level 1. HP: 13/13 MP: 1/1
    39 | D:1      | Reached XP level 2. HP: 14/18 MP: 2/2
   288 | D:1      | Found a faded altar of an unknown god.
   300 | D:1      | Reached XP level 3. HP: 21/23 MP: 3/3
   487 | D:1      | Prayed at the altar of an unknown god.
   487 | D:1      | Became a worshipper of Ashenzari the Shackled
   960 | D:2      | Reached XP level 4. HP: 29/29 MP: 4/4
  1471 | D:3      | Reached skill level 4 in Shapeshifting
  1798 | D:3      | Found Reqak's Weapon Shoppe.
  1881 | D:3      | Reached XP level 5. HP: 28/35 MP: 5/5
  2018 | D:3      | Found a blossoming altar of Fedhas.
  2296 | D:4      | Reached XP level 6. HP: 30/41 MP: 6/6
  2387 | D:4      | Found a sparkling altar of Nemelex Xobeh.
  2599 | D:4      | Reached skill level 5 in Shapeshifting
  2821 | D:4      | Noticed a black bear
  2826 | D:4      | Killed a black bear
  3341 | D:5      | Entered Level 5 of the Dungeon
  3429 | D:5      | Found an ornate altar of the Wu Jian Council.
  3548 | D:5      | Reached XP level 7. HP: 38/46 MP: 7/7
  3790 | D:5      | Found a bloodstained altar of Trog.
  3791 | D:5      | Found a hazy altar of Hepliaklqana.
  3792 | D:5      | Found a shimmering altar of Xom.
  3832 | D:5      | Reached skill level 1 in Evocations
  4006 | D:5      | Found a white marble altar of Elyvilon.
  4030 | D:5      | Reached skill level 6 in Shapeshifting
  4184 | D:5      | Reached skill level 5 in Unarmed Combat
  4205 | D:5      | Reached * piety under Ashenzari
  4265 | D:5      | Found Bocoikh's CLEARANCE SALE!.
  4273 | D:5      | Bought a scroll of acquirement for 52 gold pieces
  4273 | D:5      | Bought a potion of heal wounds for 5 gold pieces
  4273 | D:5      | Acquired the ring "Jifiluss" {rC++ rCorr Dex+6}
  4457 | D:5      | Reached XP level 8. HP: 44/54 MP: 8/8
  4661 | D:6      | Reached skill level 7 in Shapeshifting
  4991 | D:6      | Found Yrchaf's Jewellery Shop.
  5042 | D:6      | Found a stormy altar of Qazlal.
  5044 | D:6      | Found an ancient bone altar of Kikubaaqudgha.
  5049 | D:6      | Found a burning altar of Makhleb.
  5053 | D:6      | Found a shimmering blue altar of Sif Muna.
  5336 | D:6      | Found Manysurch's Weapon Shoppe.
  5390 | D:6      | Found Vuotis's Distillery.
  5446 | D:6      | Found Cugaoc Ujar's Assorted Antiques.
  5449 | D:6      | Bought a granite ring for 140 gold pieces
  5821 | D:7      | Noticed Pikel
  5834 | D:7      | Killed Pikel
  5835 | D:7      | Reached skill level 8 in Shapeshifting
  5835 | D:7      | Reached XP level 9. HP: 60/60 MP: 9/9
  5873 | D:7      | You fall into a shaft and drop 3 floors!
  5873 | D:10     | Entered Level 10 of the Dungeon
  6112 | D:10     | Killed from afar by a ynoxinul

Illustrated notes

Levels and vault maps discovered:
D:1:      mrwooster_arrival_arrow, layout_basic,
          shapermc_ecumenical_altar_acropolis, minmay_domino_2
D:2:      layout_basic, item_on_display_a
D:3:      minmay_skewed_foursquare, layout_basic, mainiacjoe_overflow_alcove_2,
          serial_shops, nicolae_shop_bloodbath_and_beyond
D:4:      cheibrodos_old_hovel, layout_gridville,
          nemelex_xobeh_ov_fountains_minmay
D:5:      layout_loops_cross, mainiacjoe_overflow_alcove_3, elyvilon_altar_3,
          nicolae_shop_clearance
D:6:      layout_basic, nicolae_overflow_macrodata_refinement, serial_shops,
          shop, shop, nicolae_shop_behind_doors, kennysheep_mini,
          kennysheep_minor_cross, hangedman_decor_push,
          nicolae_kite_square_tiling_tiny, corner_web_ring
D:7:      layout_cave_pools, minmay_temple_entry_hall, serial_column_ruins,
          column_ruins_open_tiny, column_ruins_open_tiny,
          column_ruins_open_small, column_ruins_corridor_corner,
          column_ruins_open_small, column_ruins_corridor_straight,
          minmay_manual_monolith, uniq_maurice, uniq_joseph,
          uniq_crazy_yiuf_cottage, uniq_menkaure, uniq_pikel, uniq_jeremiah
D:9:      layout_loops_cross, nicolae_uskayaw_en_pointe, minmay_misc_feat_room,
          st_stairs_12, kennysheep_nondescript, chequers_decorated_corner,
          nicolae_fort_ynox, uniq_grum, uniq_amaemon, uniq_prince_ribbit1
D:10:     layout_long_grid, david_orc_2, nicolae_letterblocks
          [nicolae_letter_subblock, nicolae_letter_subblock,
          nicolae_letter_subblock, nicolae_letter_subblock,
          nicolae_letter_subblock, nicolae_letter_subblock,
          nicolae_letter_subblock, nicolae_letter_subblock,
          nicolae_letter_subblock, nicolae_letter_subblock,
          nicolae_letter_subblock, nicolae_letter_subblock,
          nicolae_letter_subblock, nicolae_letter_subblock,
          nicolae_letter_subblock, nicolae_letter_subblock,
          nicolae_letter_subblock, nicolae_letter_subblock,
          nicolae_letter_subblock, nicolae_letter_subblock,
          nicolae_letter_subblock, nicolae_letter_subblock,
          nicolae_letter_subblock, nicolae_letter_subblock,
          nicolae_letter_subblock]

Skill      XL: |  1  2  3  4  5  6  7  8 |
---------------+-------------------------+-----
Fighting       | 2 3 4 |  4.9
Shapeshifting  | 4 5 6 8 |  8.5
Unarmed Combat | 4 5 |  5.8
Evocations     | 2 |  2.6
Dodging        | 3 |  3.9

Action                     |  1- 3 |  4- 6 |  7- 9 || total
---------------------------+-------+-------+-------++-------
  Melee: Unarmed           |    74 |   106 |   116 ||   296
         Constrict         |    24 |    32 |    29 ||    85
         Tentacles         |     8 |    23 |    25 ||    56
         Punch             |     1 |     4 |     3 ||     8
 Invoke: Curse Item        |       |     1 |     1 ||     2
  Evoke: Wand              |       |       |     5 ||     5
    Use: Scroll            |     2 |     2 |     2 ||     6
         Potion            |       |       |     2 ||     2
   Stab: Sleeping          |     3 |     8 |     3 ||    14
         Distracted        |       |       |     1 ||     1
 Armour: Skin              |    38 |    43 |    78 ||   159
  Dodge: Dodged            |    46 |    68 |    89 ||   203
   Form: Anaconda          |       |       |     1 ||     1

Table legend: (Time is in decaauts)
 A = Elapsed time spent in this place.
 B = Non-inter-level travel time spent in this place.
 C = Inter-level travel time spent in this place.
 D = Time resting spent in this place.
 E = Time spent auto-exploring this place.
 F = Levels seen in this place.
 G = Mean time per level.
                   A        B        C        D        E       F      G
               +--------+--------+--------+--------+--------+-----+--------+
         Total |   6085 |   5835 |    250 |   1187 |   3717 |   9 |  676.1 |
       Dungeon |   6085 |   5835 |    250 |   1187 |   3717 |   9 |  676.1 |
               +--------+--------+--------+--------+--------+-----+--------+

Top non-repeatable levels by time:
     D:5: 1245 daAuts
     D:4: 1059 daAuts
     D:6: 1048 daAuts
     D:3: 888 daAuts
     D:1: 756 daAuts
     D:2: 624 daAuts
    D:10: 233 daAuts
     D:7: 224 daAuts
     D:9: 4 daAuts
